 Dungeon Crawl Stone Soup version 0.18-a0-1060-g4fac74f (webtiles) character file.

315 gorblad the Ducker (level 6, -16/42 HPs)
             Began as a High Elf Fighter on Jan 13, 2016.
             Was a Follower of Dithmenos.
             Demolished by an ogre
             ... wielding a +0 giant club
              (24 damage)
             ... on level 3 of the Dungeon.
             The game lasted 00:08:27 (3549 turns).

gorblad the Ducker (High Elf Fighter)               Turns: 3549, Time: 00:08:27

Health: -16/42     AC:  8    Str: 22    XL:     6   Next: 20%
Magic:  7/7        EV:  9    Int: 11    God:    Dithmenos [*.....]
Gold:   136        SH: 14    Dex: 16    Spells: 0 memorised, 5 levels left

rFire  . . .     SeeInvis .     a - +0 rapier
rCold  . . .     Gourm    .     b - +0 scale mail
rNeg   . . .     Faith    .     m - +0 large shield
rPois  .         Spirit   .     (no helmet)
rElec  .         Dismiss  .     d - +1 cloak
rCorr  +         Reflect  .     (no gloves)
SustAt .         Harm     .     (no boots)
MR     .....                    (no amulet)
Stlth  ..........               l - ring of resist corrosion
                                n - +2 ring of slaying

@: mighty, wreathed by umbra, not resistant to hostile enchantments, extremely
unstealthy
A: no striking features
a: Renounce Religion


You were on level 3 of the Dungeon.
You worshipped Dithmenos.
Dithmenos was aware of your devotion.
You were not hungry.

You visited 1 branch of the dungeon, and saw 4 of its levels.

You collected 136 gold pieces.

Inventory:

Hand Weapons
 a - a +0 rapier (weapon)
Armour
 b - a +0 scale mail (worn)
 c - a +0 shield
 d - a +1 cloak (worn)
 m - a +0 large shield (worn)
Jewellery
 l - a ring of resist corrosion (right hand)
 n - a +2 ring of slaying (left hand)
Scrolls
 h - a scroll of identify
 j - 2 scrolls of teleportation
Potions
 g - a potion of resistance
 i - a potion of magic
Comestibles
 f - 2 bread rations
 k - a slice of pizza
 o - 7 chunks of flesh


   Skills:
 - Level 3.0 Fighting
 - Level 2.4 Short Blades
 - Level 2.6 Armour
 + Level 6.8 Dodging
 - Level 2.6 Shields


You had 5 spell levels left.
You didn't know any spells.

Dungeon Overview and Level Annotations

Branches:
Dungeon (4/15)
 Temple: D:4-7

Altars:
Dithmenos
Gozag
Kikubaaqudgha
Nemelex Xobeh
Ru


Message History

The ogre hits you with a giant club!
* * * LOW HITPOINT WARNING * * *
You climb upwards.
There is a stone staircase leading down here.
You see here an adder skeleton.
Drink which item? (? for menu, Esc to quit)
You feel much better.
Drink which item? (? for menu, Esc to quit)
You feel very mighty all of a sudden. The ogre hits you with a giant club!
* * * LOW HITPOINT WARNING * * *
You are too injured to fight recklessly!
You hit the ogre.
The ogre is moderately wounded.
You block the ogre's attack.
You puncture the ogre!
The ogre is almost dead.
The ogre hits you with a giant club!!
Ouch! That really hurt!
You die...

.....##..##.....#######.#.....###
.####....##..[.....##............
.##...#####....###....#...##.###.
....#.#####....# #...........###.
##..........######.####.......##.
...#...########....# #.....#.##.
.##...####......#### #..........
##.............########....##..#.
....######......@O÷.....######...
#...# #.....###....######...##
#...######....## ####...>#...#.#
#.............##### ####.[.###.##
#...#####.(.......# #.......#.#.
#...# ##....###.####...........
##### #....# #............#...
###### ######.......###.
#.......# #.


You could see an ogre.

Vanquished Creatures
  Crazy Yiuf (D:2)
  An orc priest (D:3)
  Jessica (D:3)
  Ijyb (D:3)
  2 orc wizards (D:3)
  A worker ant (D:3)
  4 adders
  An ooze (D:3)
  An adder skeleton (D:4)
  3 worms (D:2)
  A giant gecko (D:1)
  9 orcs (D:3)
  A ball python (D:4)
  A giant cockroach (D:2)
  8 goblins
  12 hobgoblins
  4 jackals
  2 kobolds (D:3)
  7 bats
  4 giant newts
  9 rats
74 creatures vanquished.

Vanquished Creatures (others)
  A scorpion (D:2)
1 creature vanquished.

Grand Total: 75 creatures vanquished

Notes
Turn   | Place    | Note
--------------------------------------------------------------
     0 | D:1      | gorblad the High Elf Fighter began the quest for the Orb.
     0 | D:1      | Reached XP level 1. HP: 16/16 MP: 2/2
   107 | D:1      | Reached skill level 1 in Dodging
   237 | D:1      | Reached XP level 2. HP: 19/21 MP: 3/3
  1248 | D:2      | Reached XP level 3. HP: 22/26 MP: 4/4
  1372 | D:2      | Found a sparkling altar of Nemelex Xobeh.
  1764 | D:2      | Noticed Crazy Yiuf
  1773 | D:2      | Killed Crazy Yiuf
  1773 | D:2      | Reached skill level 4 in Dodging
  1773 | D:2      | Reached XP level 4. HP: 25/31 MP: 5/5
  2234 | D:2      | Found a sacrificial altar of Ru.
  2235 | D:2      | Found an ancient bone altar of Kikubaaqudgha.
  2235 | D:2      | Found an opulent altar of Gozag.
  2236 | D:2      | Found a sparkling altar of Nemelex Xobeh.
  2239 | D:2      | Found a shadowy altar of Dithmenos.
  2257 | D:2      | Became a worshipper of Dithmenos the Shadowed
  2319 | D:3      | Noticed Jessica
  2365 | D:3      | Killed Jessica
  2365 | D:3      | Reached skill level 5 in Dodging
  2365 | D:3      | Reached XP level 5. HP: 26/36 MP: 6/6
  2560 | D:3      | Reached skill level 6 in Dodging
  2823 | D:3      | Noticed Ijyb
  2844 | D:3      | Killed Ijyb
  2904 | D:3      | Reached XP level 6. HP: 40/42 MP: 7/7
  2947 | D:3      | Reached * piety under Dithmenos
  3549 | D:3      | Demolished by an ogre

Vault maps used:
D:1:      onia_arrival_handbag, serial_co_window_serial, co_window_paths_a,
          co_window_of_opportunity_a, co_window_corner_a, co_window_paths_a,
          co_window_paths_a, co_window_paths_b, co_window_corner_a,
          co_window_unsneaky_path_d, co_window_paths_c,
          co_window_of_opportunity_b, co_window_corner_b, co_window_broadway_b,
          co_window_corner_cb, co_window_corner_ca, glass_columns_a
D:2:      minitemple, first_bread, nemelex_altar_shiori, uniq_crazy_yiuf_cottage
D:3:      uniq_iyjb, uniq_jessica
D:4:      temple_doors_e, minmay_ruptured, uniq_sigmund

Action                   |  1- 3 |  4- 6 || total
-------------------------+-------+-------++-------
Melee: Rapier            |   152 |   178 ||   330
  Use: Scroll            |     4 |     4 ||     8
       Potion            |     3 |     4 ||     7
  Eat: Chunk             |     3 |     6 ||     9
